 Dungeon Crawl Stone Soup version 0.27-a0-1137-g3ef0f4ec91 (webtiles) character file.

Game seed: 18026490591680173242

120 kae the Distorting Demonspawn (level 4, -7/35 HPs)
             Began as a Demonspawn Abyssal Knight on May 6, 2021.
             Was a Believer of Lugonu.
             Mangled by an ogre
             ... wielding a +0 giant club
              (20 damage)
             ... on level 4 of the Dungeon.
             The game lasted 00:01:51 (2938 turns).

kae the Distorting Demonspawn (DsAK)                Turns: 2938, Time: 00:01:51

Health: -7/35      AC:  5    Str: 14    XL:     4   Next: 75%
Magic:  7/7        EV: 11    Int: 13    God:    Lugonu [**....]
Gold:   53         SH:  0    Dex: 12    Spells: 3/3 levels left

rFire    + . .     SeeInvis .   a - +1 falchion
rCold    . . .     Faith    .   (no shield)
rNeg     . . .     Spirit   .   b - +0 leather armour
rPois    .         Reflect  .   (no helmet)
rElec    .         Harm     .   (no cloak)
rCorr    .         Rampage  .   (no gloves)
Will     .....                  (no boots)
Stlth    +.........             h - amulet of regeneration
HPRegen  1.11/turn              i - ring of protection from fire
MPRegen  0.10/turn              (no ring)

@: no status effects
A: slimy green scales 1
a: Renounce Religion, Depart the Abyss, Bend Space


You were on level 4 of the Dungeon.
You worshipped Lugonu.
Lugonu was pleased with you.
You visited 1 branch of the dungeon, and saw 4 of its levels.
You visited the Abyss 1 time.

You collected 86 gold pieces.
You spent 33 gold pieces at shops.

Inventory:

Hand Weapons
 a - a +1 falchion (weapon)
Missiles
 c - a throwing net
 e - 3 atropa-tipped darts
Armour
 b - a +0 leather armour (worn)
Jewellery
 h - an amulet of regeneration (around neck)
 i - a ring of protection from fire (left hand)
 k - a +6 ring of dexterity
Potions
 f - a potion of flight
 g - a potion of curing
 l - a potion of invisibility
 m - 2 potions of lignification
 n - a potion of haste {unknown}


   Skills:
 - Level 3.2 Fighting
 * Level 3.8 Long Blades
 - Level 1.7 Armour
 - Level 0.8 Dodging
 - Level 4.0 Invocations


You had 3 spell levels left.
You didn't know any spells.
Your spell library was empty.

Dungeon Overview and Level Annotations

Branches:
Dungeon (4/15)
 Temple: D:4-7

Altars:
Xom

Shops:
D:2 !((=


Innate Abilities, Weirdness & Mutations

You are partially covered in slimy green scales. (AC +2)


Message History

The kobold hits you with a +0 club.
You hit the kobold.
You kill the kobold!
Lugonu accepts your kill.
An ogre comes into view. It is wielding a +0 giant club.
An ogre is nearby!
The ogre shouts!
An ogre is nearby!
You hit the ogre but do no damage. The ogre closely misses you.
An ogre is nearby!
You hit the ogre.
The ogre is moderately wounded.
The ogre hits you with a +0 giant club.
You hit the ogre.
The ogre is moderately wounded.
A howler monkey skeleton comes into view.
The ogre misses you.
You slash the ogre!
The ogre is heavily wounded.
The ogre closely misses you.
You barely miss the ogre.
The ogre is heavily wounded.
The ogre barely misses you.
You barely miss the ogre.
The ogre is heavily wounded.
You barely miss the ogre.
The ogre is heavily wounded.
The ogre hits you with a +0 giant club!
You are too injured to fight recklessly!
You are too injured to fight recklessly!
You are too injured to fight recklessly!
You are too injured to fight recklessly!
You slash the ogre!
The ogre is almost dead.
The ogre hits you with a +0 giant club!
You hit the ogre but do no damage.
The ogre is almost dead.
The ogre hits you with a +0 giant club!!
Ouch! That really hurt!
You die...

.≈.≈≈...##....#
≈≈≈≈≈≈≈.≈........#
≈....≈.....##....#
≈..♣≈♣≈≈.....<...#
..≈≈♣......###...#.#
..≈♣≈......$.......#
≈≈♣≈.....).#####...#
..≈≈≈≈^............#
....Z.O@.<.#######...
...........# ....
...........# ...
...........# ..
.............
.............#
.............#
..............


You could see an ogre and a howler monkey skeleton.

Vanquished Creatures
  Jessica (D:3)
  3 adders
  4 worms
  An orc (D:3)
  5 endoplasms
  3 giant cockroaches
  4 hobgoblins
  A quokka (D:1)
  7 ball pythons
  3 bats
  2 frilled lizards
  12 goblins
  3 kobolds
  5 rats
54 creatures vanquished.

Notes
Turn   | Place    | Note
-------+----------+-------------------------------------------
     0 | Abyss:1  | kae the Demonspawn Abyssal Knight began the quest for the
                  | Orb.
     0 | Abyss:1  | Reached XP level 1. HP: 18/18 MP: 2/2
    33 | Abyss:1  | Found a stormy altar of Qazlal.
    87 | Abyss:1  | Noticed a tentacled starspawn
    88 | D:1      | Escaped the Abyss
   253 | D:1      | Reached * piety under Lugonu
   609 | D:1      | Gained mutation: You are partially covered in slimy green
                  | scales. (AC +2) [demonic ancestry]
   609 | D:1      | Reached XP level 2. HP: 21/24 MP: 4/4
  1124 | D:2      | Found Picw's Distillery.
  1136 | D:2      | Found Ynoczam's Antique Weapon Emporium.
  1148 | D:2      | Bought a potion of curing for 33 gold pieces
  1187 | D:2      | Found Vavuidit's Jewellery Shop.
  1227 | D:2      | Reached skill level 3 in Invocations
  1528 | D:2      | Reached XP level 3. HP: 25/29 MP: 5/5
  1647 | D:2      | Found Qinimeixe's Weapon Boutique.
  1884 | D:2      | Found a faded altar of an unknown god.
  2110 | D:2      | Found a shimmering altar of Xom.
  2468 | D:3      | Reached XP level 4. HP: 27/35 MP: 6/6
  2516 | D:3      | Reached ** piety under Lugonu
  2689 | D:3      | Noticed Jessica
  2699 | D:3      | Killed Jessica
  2700 | D:3      | Reached skill level 4 in Invocations
  2926 | D:4      | Noticed an ogre
  2938 | D:4      | Mangled by an ogre

Illustrated notes

Levels and vault maps discovered:
D:1:      evilmike_arrival_hilbert_curve, layout_basic
D:2:      minmay_spotlight, layout_loops_corners, serial_shops,
          nicolae_shop_waterfront, nicolae_shop_crystal, nicolae_shop_crystal,
          shop, hellmonk_ecumenical_altar_lost_god, basic_altar
D:3:      layout_rooms, uniq_jessica
D:4:      layout_basic, ebering_ghost_rock_garden, serial_rivers,
          chequers_serial_rivers_micro_a, chequers_serial_rivers_marsh,
          chequers_serial_rivers_small_b, chequers_serial_rivers_large_b,
          chequers_serial_rivers_small_a, kennysheep_generic_room_5

Skill      XL: |  1  2  3  4 |
---------------+-------------+-----
Long Blades    | 2 3 |  3.8
Invocations    | 3 4 |  4.0
Fighting       | |  3.2
Armour         | |  1.7
Dodging        | |  0.8

Action                   |  1- 3 |  4- 6 || total
-------------------------+-------+-------++-------
Melee: Falchion          |   139 |    49 ||   188
Invok: Depart the Abyss  |     1 |       ||     1
  Use: Scroll            |     5 |     4 ||     9
 Stab: Sleeping          |     2 |       ||     2
Armor: Leather armour    |    34 |     7 ||    41
Dodge: Dodged            |    77 |    23 ||   100
       Rpst.: Falchion   |    19 |     5 ||    24

Table legend: (Time is in decaauts)
 A = Elapsed time spent in this place.
 B = Non-inter-level travel time spent in this place.
 C = Inter-level travel time spent in this place.
 D = Time resting spent in this place.
 E = Time spent auto-exploring this place.
 F = Levels seen in this place.
 G = Mean time per level.
                   A        B        C        D        E       F      G
               +--------+--------+--------+--------+--------+-----+--------+
         Total |   2967 |   2843 |    124 |    265 |   2175 |   5 |  593.4 |
       Dungeon |   2878 |   2754 |    124 |    265 |   2087 |   4 |  719.5 |
         Abyss |     89 |     89 |      0 |      0 |     88 |   1 |   89.0 |
               +--------+--------+--------+--------+--------+-----+--------+

Top non-repeatable levels by time:
     D:2: 1314 daAuts
     D:1: 1044 daAuts
     D:3: 498 daAuts
 Abyss:1: 89 daAuts
     D:4: 20 daAuts
